 Dungeon Crawl Stone Soup version bcrawl-1.38.3 (webtiles) character file.

Game seed: 477223884156149980

193021 Corvidia the Skirmisher (level 5, -11/42 HPs)
             Began as a Demonspawn Fighter on May 12, 2023.
             Was a Follower of Wu Jian.
             Blown up by Natasha (12 damage)
             ... with a wand of disintegration (17)
             ... on level 3 of the Dungeon.
             The game lasted 00:02:33 (1732 turns).

Corvidia the Skirmisher (Demonspawn Fighter)        Turns: 1732, Time: 00:02:33

Health: -11/42     AC: 16    Str: 16    XL:     5   Next: 27%
Magic:  5/5        EV: 10    Int: 10    God:    Wu Jian [*.....]
Gold:   194        SH:  9    Dex: 18    Spells: 4/4 levels left

rFire    + . .     GDR:     32% a - +0 rapier
rCold    . . .     SeeInvis .   c - +0 medium shield
rNeg     . . .     Gourm    .   b - +0 scale mail
rPois    .         Faith    .   (helmet restricted)
rElec    .         Spirit   .   (no cloak)
rCorr    .         Reflect  .   h - +2 pair of gloves
MR       .....                  (no boots)
Stlth    +.........             (no amulet)
HPRegen  0.17/turn              l - ring of wizardry
MPRegen  0.09/turn              n - ring of protection from fire

@: agile, sanguine armour, slowed, very slow
A: horns 2, powered by pain 1, sanguine armour 1
a: Wall Jump, Renounce Religion


You were on level 3 of the Dungeon.
You worshipped Wu Jian.
Wu Jian was aware of your devotion.
You were hungry.

You visited 1 branch of the dungeon, and saw 3 of its levels.

You collected 194 gold pieces.

Inventory:

Hand Weapons
 a - a +0 rapier (weapon)
Armour
 b - a +0 scale mail (worn)
 c - a +0 medium shield (worn)
 h - a +2 pair of gloves (worn)
Jewellery
 l - a ring of wizardry (left hand)
 n - a ring of protection from fire (right hand)
Scrolls
 i - a scroll of identify
Potions
 d - a potion of might
 f - 2 potions of haste {unknown}
 j - a potion of brilliance {unknown}
 k - 2 potions of agility
 m - a potion of curing {unknown}
 o - a potion of resistance {unknown}
Comestibles
 e - 4 rations {!d}
 g - 2 chunks of flesh


   Skills:
 + Level 4.2 Fighting
 - Level 2.0 Short Blades
 + Level 3.8 Armour
 + Level 3.8 Shields


You had 4 spell levels left.
You didn't know any spells.
Your spell library was empty.

Dungeon Overview and Level Annotations

Branches:
Dungeon (3/12)

Altars:
Wu Jian

Annotations:
D:3 Natasha


Innate Abilities, Weirdness & Mutations

You have a pair of horns on your head.
You sometimes gain a little power by taking damage.
When seriously injured, your bleeding wounds create armour. (AC +6)


Message History

You hit Natasha but do no damage.
Natasha casts a spell.
Natasha casts a spell at you.
You feel as though you will be slow longer.
You are feeling hungry.
You closely miss Natasha. Your headbutt misses Natasha.
Natasha claws you but does no damage.
You hit Natasha but do no damage. Natasha claws you!
* * * LOW HITPOINT WARNING * * *
The crimson imp puffs mist at you. Natasha closely misses you.
You barely miss Natasha. You headbutt Natasha!
Natasha is heavily wounded.
You block Natasha's attack. Natasha casts a spell at you.
The magic dart hits you.
* * * LOW HITPOINT WARNING * * *
It was a potion of agility.
You feel agile all of a sudden.
Natasha zaps a wand.
You are blasted!
You die...

## ... ....
######### .....
........#####......
........$.@hg5.....
######..####5......
##†## #...... #.÷#
...... ##.## .....
#..### ....%
#.##...#######
#..<......#
#####..##.#


You could see Natasha, 2 crimson imps and a goblin.

Vanquished Creatures
  An orc wizard (D:3)
  Jessica (D:2)
  2 adders
  An ooze (D:2)
  3 worms
  3 dart slugs
  5 leopard geckos
  5 orcs (D:3)
  2 ball pythons (D:2)
  3 bats
  4 giant cockroaches
  8 hobgoblins
  3 jackals (D:3)
  4 quokkas
  3 frilled lizards (D:1)
  4 goblins
  11 kobolds
  7 rats
70 creatures vanquished.

Notes
Turn   | Place    | Note
-------+----------+-------------------------------------------
     0 | D:1      | Corvidia the Demonspawn Fighter began the quest for the
                  | Orb.
     0 | D:1      | Reached XP level 1. HP: 18/18 MP: 1/1
    93 | D:1      | Gained mutation: You sometimes gain a little power by
                  | taking damage. [demonic ancestry]
    93 | D:1      | Reached XP level 2. HP: 23/24 MP: 2/2
   438 | D:1      | Gained mutation: You have a pair of small horns on your
                  | head. [demonic ancestry]
   438 | D:1      | Reached XP level 3. HP: 29/29 MP: 3/3
  1031 | D:2      | Found an ornate altar of the Wu Jian Council.
  1057 | D:2      | Became a worshipper of the Wu Jian Council
  1416 | D:2      | Gained mutation: When seriously injured, your bleeding
                  | wounds create armour. (AC +6) [demonic ancestry]
  1416 | D:2      | Reached XP level 4. HP: 32/37 MP: 4/4
  1465 | D:2      | Noticed Jessica
  1472 | D:2      | Killed Jessica
  1544 | D:3      | Found a faded altar of an unknown god.
  1566 | D:3      | Reached skill level 4 in Fighting
  1570 | D:3      | Gained mutation: You have a pair of horns on your head.
                  | [demonic ancestry]
  1570 | D:3      | Reached XP level 5. HP: 27/42 MP: 5/5
  1629 | D:3      | Reached * piety under Wu Jian
  1715 | D:3      | Noticed Natasha
  1731 | D:3      | HP: 1/42 [Natasha/magic dart (2)]
  1732 | D:3      | Blown up by Natasha

Skill      XL: |  1  2  3  4 |
---------------+-------------+-----
Short Blades   | 2 |  2.0
Shields        | 3 |  3.8
Armour         | 3 |  3.8
Fighting       | 4 |  4.2

Action                   |  1- 3 |  4- 6 || total
-------------------------+-------+-------++-------
Melee: Rapier            |   138 |    74 ||   212
       Headbutt          |     6 |    16 ||    22
Invok: Lunge             |     4 |     7 ||    11
  Use: Scroll            |     2 |       ||     2
       Potion            |       |     1 ||     1
  Eat: Chunk             |     6 |     3 ||     9
Armor: Scale mail        |    74 |    47 ||   121
Dodge: Dodged            |    14 |    18 ||    32
Block: Medium shield     |    68 |    36 ||   104
